 Dungeon Crawl Stone Soup version 0.31-a0-165-g3f4f80340b (webtiles) character file.

Game seed: 14872256636672427829

12889 qw the Cleaver (level 12, -1/76 HPs)
             Began as a Gargoyle Fighter on June 13, 2023.
             Was an Elder of Okawaru.
             Slain by a death yak (14 damage)
             ... on level 2 of the Lair of Beasts.
             The game lasted 00:04:56 (8476 turns).

qw the Cleaver (Gargoyle Fighter)                   Turns: 8476, Time: 00:04:57

Health: -1/76      AC: 31    Str: 24    XL:     12   Next: 0%
Magic:  15/15      EV: 16    Int: 10    God:    Okawaru [****..]
Gold:   707        SH: 12    Dex:  9    Spells: 11/11 levels left

rFire   . . .        Y - +0 war axe (flame)
rCold   + . .        q - +0 kite shield
rNeg    + + +        i - +4 chain mail of the Good {rC+}
rPois   inf          g - +1 helmet
rElec   +            c - +0 cloak
rCorr   +            (no gloves)
SInv    .            p - +1 pair of boots of the Dice {rN++ Will+++ rCorr Stlth-}
Will    +++..        (no amulet) Stlth
                     b - +5 ring of evasion
HPRegen 0.32/turn    (no ring)
MPRegen 0.14/turn

%: no passive effects
@: about to teleport, heroic
A: sickness immunity, AC +8, negative energy resistance 1, electricity
resistance, torment resistance 1, petrification resistance, low MP 1, sturdy
frame 1
a: Renounce Religion, Heroism, Finesse


You were on level 2 of the Lair of Beasts.
You worshipped Okawaru.
Okawaru was greatly pleased with you.
You visited 3 branches of the dungeon, and saw 12 of its levels.

You collected 707 gold pieces.


Innate Abilities, Weirdness & Mutations

You are immune to sickness and miasma.
Your stone body is resilient. (AC +8)
You are immune to poison.
You resist negative energy. (rN+)
You are resistant to electric shocks. (rElec)
You are resistant to unholy torment.
You are immune to petrification.
Your magical capacity is low. (-10% MP)
Your movements are slightly less encumbered by armour. (ER -2)


   Skills:
 - Level 9.1(14.1) Fighting
 - Level 11.1(16.1) Axes
 - Level 1.5(6.5) Throwing
 + Level 6.9(11.9) Armour
 - Level 2.0(7.0) Dodging
 - Level 10.0(15.0) Shields
 + Level 7.1 Invocations


You had 11 spell levels left.
You didn't know any spells.
Your spell library was empty.

Inventory:

Hand Weapons
 Y - a +0 war axe of flaming (weapon)
Missiles
 n - 4 boomerangs
Armour
 c - a +0 cloak (worn)
 g - a +1 helmet (worn)
 i - the +4 chain mail of the Good (worn) {rC+}
   (You found it on level 3 of the Dungeon)

   rC:        It protects you from cold.
 p - the +1 pair of boots of the Dice (worn) {rN++ Will+++ rCorr Stlth-}
   (You found it on level 8 of the Dungeon)

   rN:        It greatly protects you from negative energy.
   rCorr:     It protects you from acid and corrosion.
   Will:      It greatly increases your willpower.
   Stlth:     It makes you less stealthy.
 q - a +0 kite shield (worn)
Jewellery
 b - a +5 ring of evasion (left hand)
 k - a ring of fire
Scrolls
 f - a scroll of identify
 h - 3 scrolls of teleportation
Potions
 a - a potion of berserk rage {unknown}
 d - 2 potions of might
 e - 8 potions of curing
 j - 2 potions of haste
 m - a potion of heal wounds {unknown}
 o - 3 potions of mutation
 r - a potion of lignification {unknown}
 s - a potion of attraction
 u - a potion of resistance {unknown}

Dungeon Overview and Level Annotations

Branches:
Dungeon (9/15)             Temple (1/1) D:5            Lair (2/5) D:9
  Swamp: Lair:2-3    Shoals: Lair:2-3     Snake: Lair:2-3    Spider: Lair:2-3
    Orc: D:9-12

Altars:
Ashenzari
Cheibriados
Dithmenos
Elyvilon
Fedhas
Gozag
Hepliaklqana
Kikubaaqudgha
Makhleb
Nemelex Xobeh
Okawaru
Qazlal
Sif Muna
Trog
Uskayaw
Vehumet
Wu Jian
Xom
Yredelemnul
The Shining One

Shops:
D:1 !

Annotations:
D:6 1 runed translucent door, qw's ghost, novice NaHu


Message History

The death yak gores you but does no damage.
The yak misses you.
You slash the yak! You burn the yak.
The yak is almost dead.
You slash the death yak! You burn the death yak. You slash the yak!
You burn the yak. You slash the death yak! You burn the death yak.
The death yak gores you. The death yak closely misses you.
You block the yak's attack. The yak barely misses you.
You slash the yak! You burn the yak.
You kill the yak!
Okawaru accepts your kill.
You hit the death yak. You burn the death yak.
You hit the death yak but do no damage. You hit the yak. You burn the yak.
The death yak gores you but does no damage.
You block the death yak's attack. The yak gores you!
Your Invocations skill increases to level 7!
You slash the death yak! You burn the death yak.
The death yak is heavily wounded.
You slash the death yak! You burn the death yak. You barely miss the yak.
You hit the death yak but do no damage.
The death yak is heavily wounded.
You hit the death yak but do no damage. You hit the yak. You burn the yak.
The death yak closely misses you. The death yak misses you.
The yak closely misses you.
You slash the yak! You burn the yak.
You kill the yak!
Okawaru accepts your kill.
You hit the death yak but do no damage. x2
You block the death yak's attack. The death yak gores you!!
You have reached level 12!
You feel clever.
8475 ||| READING 4 scrolls of teleportation.
As you read the scroll of teleportation, it crumbles to dust.
You feel strangely unstable.
The death yak gores you but does no damage.
You block the death yak's attack.
You slash the death yak! You burn the death yak.
The death yak is severely wounded.
You hit the death yak. You burn the death yak.
The death yak closely misses you. The death yak gores you!
You die...

#..###.....P# ...(..
## ##...P## #..Y>.
##....#####....Y.
##......##(..Y..Y.
#####.............#
####..##%.........#
#.PP..>...##.....#.#
#........###..Y%####
###..##.###.#.Y@#
#..#### ##..%## ####
##...# #....# ##..##
#...# #..## ##..#
##..P#


You could see 2 death yaks.

Vanquished Creatures
  Erica (D:9)
  A two-headed ogre (D:9)
  A death yak (Lair:2)
  Pikel (D:5)
  Maurice (D:9)
  2 cane toads (Lair:1)
  Maggie (D:8)
  A rime drake (D:9)
  3 komodo dragons
  Prince Ribbit (D:9)
  A hornet (D:9)
  A shadow (D:9)
  12 yaks
  A wyvern (D:7)
  Grum (D:8)
  A basilisk (Lair:1)
  A steam dragon (D:8)
  Edmund (D:6)
  An orc warrior (D:9)
  6 water moccasins
  11 ice beasts
  A sky beast (D:8)
  A black bear (D:7)
  An ogre (D:6)
  10 wolves
  5 centaurs
  2 phantoms
  4 lemures (D:5)
  2 kobold brigands
  6 bullfrogs
  5 scorpions
  6 wights
  4 killer bees (D:9)
  6 hounds
  2 jellies
  A gnoll bouda (D:8)
  3 orc priests
  An iron imp (D:9)
  2 iguanas
  10 orc wizards
  Robin (D:3)
  3 gnolls (D:8)
  6 adders
  4 white imps
  An ufetubus (D:4)
  4 worms
  5 dart slugs
  27 orcs
  3 endoplasms
  7 giant cockroaches
  15 goblins
  9 hobgoblins
  6 jackals (D:1)
  3 quokkas
  10 ball pythons
  3 bats
  2 frilled lizards (D:2)
  13 kobolds
  5 rats
249 creatures vanquished.

Notes
Turn   | Place    | Note
-------+----------+-------------------------------------------
     0 | D:1      | qw the Gargoyle Fighter began the quest for the Orb.
     0 | D:1      | Reached XP level 1. HP: 14/14 MP: 1/1
     0 | D:1      | 0 ||| qw: Version: 0.2-a-29-gc1b59c4
     0 | D:1      | 0 ||| qw: Game counter: 4633
     0 | D:1      | 0 ||| qw: Always use a shield: true
     0 | D:1      | 0 ||| qw: God list: Okawaru
     0 | D:1      | 0 ||| qw: Allow faded altars: false
     0 | D:1      | 0 ||| qw: Do Orc after D:15 true
     0 | D:1      | 0 ||| qw: Do second Lair branch before Depths: true
     0 | D:1      | 0 ||| qw: Lair rune preference: random
     0 | D:1      | 0 ||| qw: Plans: Normal, Zot:1-4, Slime:5, God:TSO, Crypt,
                  | Tomb, Abyss, Pan, Hells, Win
     0 | D:1      | 0 ||| PLANNING D:1-11
    27 | D:1      | Reached skill level 2 in Axes
   161 | D:1      | Reached XP level 2. HP: 19/19 MP: 2/2
   182 | D:1      | 182 ||| Stepping ~*~*~tactically~*~*~ (stealth).
   185 | D:1      | 185 ||| Stepping ~*~*~tactically~*~*~ (stealth).
   220 | D:1      | Found Ymaameky's Distillery.
   223 | D:1      | 223 ||| SHOPLISTING potion of cancellation (104 gold, have
                  | 22).
   223 | D:1      | 223 ||| SHOPLISTING potion of curing (39 gold, have 22).
   223 | D:1      | 223 ||| SHOPLISTING potion of haste (130 gold, have 22).
   223 | D:1      | 223 ||| SHOPLISTING potion of heal wounds (65 gold, have
                  | 22).
   223 | D:1      | 223 ||| SHOPLISTING potion of mutation (104 gold, have 22).
   241 | D:1      | 241 ||| Stepping ~*~*~tactically~*~*~ (stealth).
   243 | D:1      | 243 ||| Stepping ~*~*~tactically~*~*~ (stealth).
   329 | D:1      | Reached skill level 3 in Axes
   348 | D:1      | Reached XP level 3. HP: 23/23 MP: 3/3
   417 | D:1      | 417 ||| Stepping ~*~*~tactically~*~*~ (stealth).
   523 | D:1      | 523 ||| READING 2 scrolls labelled FEMEZO DOERIRAOSM.
   524 | D:1      | 524 ||| READING scroll labelled CUDGHA LEAW.
   525 | D:1      | 525 ||| READING scroll labelled IMYUNN KAMN.
   526 | D:1      | 526 ||| READING scroll labelled ESHRI HIGY.
   527 | D:1      | 527 ||| DRINKING 2 fuming amethyst potions.
   528 | D:1      | 528 ||| DROPPING scroll of blinking.
   529 | D:1      | 529 ||| DROPPING potion of invisibility.
   764 | D:2      | 764 ||| FLEEEEING.
   767 | D:2      | 767 ||| FLEEEEING.
   926 | D:2      | Reached XP level 4. HP: 28/28 MP: 4/4
  1004 | D:2      | Reached skill level 4 in Axes
  1150 | D:2      | 1150 ||| READING 2 scrolls labelled PUKIEDWUIM.
  1151 | D:2      | 1151 ||| READING 2 scrolls labelled OFIMIP MUTT.
  1154 | D:2      | 1154 ||| READING scroll labelled FULODW XEJOR.
  1194 | D:3      | 1194 ||| DROPPING +0 club.
  1202 | D:3      | 1202 ||| Stepping ~*~*~tactically~*~*~ (stealth).
  1337 | D:3      | 1337 ||| DROPPING +0 whip.
  1349 | D:3      | Identified the +4 chain mail of the Good {rC+}
  1401 | D:3      | Noticed Robin
  1402 | D:3      | 1402 ||| Stepping ~*~*~tactically~*~*~ (stealth).
  1403 | D:3      | 1403 ||| Stepping ~*~*~tactically~*~*~ (hiding).
  1416 | D:3      | HP: 7/28 [hound (1)]
  1417 | D:3      | 1417 ||| READING scroll of teleportation.
  1419 | D:3      | Reached XP level 5. HP: 6/32 MP: 5/5
  1419 | D:3      | HP: 3/32 [Robin/+0 dagger (2)]
  1425 | D:3      | Found a broken altar of Ashenzari.
  1428 | D:3      | Killed Robin
  1430 | D:3      | Reached skill level 5 in Axes
  1537 | D:3      | Found a sparkling altar of Nemelex Xobeh.
  1539 | D:3      | Found a stormy altar of Qazlal.
  1785 | D:3      | Found a faded altar of an unknown god.
  2025 | D:3      | 2025 ||| UPGRADING to +0 helmet.
  2030 | D:3      | 2030 ||| UPGRADING to +0 chain mail.
  2040 | D:3      | 2040 ||| DROPPING +0 scale mail.
  2041 | D:3      | 2041 ||| UPGRADING to +4 chain mail of the Good {rC+}.
  2051 | D:3      | 2051 ||| DROPPING +0 chain mail.
  2052 | D:3      | 2052 ||| READING scroll labelled PUMUPUXKUKH.
  2053 | D:3      | 2053 ||| READING scroll labelled VIRA JOMUJ.
  2191 | D:4      | 2191 ||| READING scroll of enchant armour.
  2191 | D:4      | 2191 ||| ENCHANTING +0 helmet.
  2212 | D:4      | Reached XP level 6. HP: 32/38 MP: 6/6
  2431 | D:4      | Reached skill level 6 in Axes
  2434 | D:4      | HP: 7/38 [wight/+3 dire flail (4)]
  2437 | D:4      | Reached skill level 1 in Dodging
  2437 | D:4      | Reached XP level 7. HP: 9/43 MP: 7/7
  2576 | D:4      | 2576 ||| Stepping ~*~*~tactically~*~*~ (hiding).
  2577 | D:4      | 2577 ||| Stepping ~*~*~tactically~*~*~ (hiding).
  2644 | D:4      | Found a hide-covered altar of Uskayaw.
  2665 | D:4      | 2665 ||| Stepping ~*~*~tactically~*~*~ (stealth).
  3037 | D:4      | 3037 ||| Stepping ~*~*~tactically~*~*~ (stealth).
  3048 | D:4      | 3048 ||| Stepping ~*~*~tactically~*~*~ (stealth).
  3049 | D:4      | 3049 ||| Stepping ~*~*~tactically~*~*~ (stealth).
  3052 | D:4      | 3052 ||| Stepping ~*~*~tactically~*~*~ (stealth).
  3245 | D:4      | 3245 ||| UPGRADING to +5 ring of evasion.
  3275 | D:5      | Entered Level 5 of the Dungeon
  3292 | D:5      | Noticed Pikel
  3321 | D:5      | Killed Pikel
  3322 | D:5      | Reached skill level 8 in Axes
  3322 | D:5      | Reached XP level 8. HP: 19/48 MP: 8/8
  3493 | D:5      | You fall into a shaft and drop 1 floor!
  3503 | D:6      | 3503 ||| Stepping ~*~*~tactically~*~*~ (hiding).
  3626 | D:6      | Found a runed translucent door.
  3629 | D:6      | 3629 ||| READING scroll labelled GOEHEO FOAZ.
  3630 | D:6      | 3630 ||| READING scroll labelled NEAT CITWUOC.
  3632 | D:6      | 3632 ||| FLEEEEING.
  3633 | D:6      | 3633 ||| FLEEEEING.
  3756 | D:5      | 3756 ||| Stepping ~*~*~tactically~*~*~ (stealth).
  3758 | D:5      | 3758 ||| Stepping ~*~*~tactically~*~*~ (stealth).
  3783 | D:5      | Found a staircase to the Ecumenical Temple.
  3784 | D:5      | 3784 ||| PLANNING TEMPLE
  3788 | D:5      | 3788 ||| READING 2 scrolls labelled BIUWEPECAC.
  3789 | D:5      | 3789 ||| READING scroll of brand weapon.
  3789 | D:5      | 3789 ||| BRANDING +0 heavy war axe.
  3805 | D:5      | Reached skill level 6 in Fighting
  3808 | Temple   | Entered the Ecumenical Temple
  3831 | Temple   | 3831 ||| PLANNING OKAWARU WORSHIP
  3846 | Temple   | Became a worshipper of Warmaster Okawaru
  3846 | Temple   | 3846 ||| PLANNING D:1-11
  3958 | D:5      | 3958 ||| Stepping ~*~*~tactically~*~*~ (hiding).
  4278 | D:5      | 4278 ||| DRINKING 2 bubbling golden potions.
  4279 | D:5      | 4279 ||| DROPPING potion of enlightenment.
  4361 | D:6      | Reached skill level 1 in Throwing
  4453 | D:6      | Noticed qw's ghost (novice NaHu)
  4518 | D:6      | Reached XP level 9. HP: 37/55 MP: 9/9
  4593 | D:6      | Noticed Edmund
  4606 | D:6      | Killed Edmund
  4607 | D:6      | Reached skill level 9 in Axes
  4641 | D:6      | 4641 ||| DROPPING +0 flail.
  4748 | D:6      | 4748 ||| READING scroll of brand weapon.
  4748 | D:6      | 4748 ||| BRANDING +0 war axe of electrocution.
  4749 | D:6      | 4749 ||| DROPPING +1 heavy flail.
  4790 | D:6      | Found a basalt altar of Yredelemnul.
  4798 | D:6      | Noticed a profane servitor
  4803 | D:6      | Found a glowing golden altar of the Shining One.
  4805 | D:6      | Noticed an angel
  4859 | D:6      | 4859 ||| UPGRADING to +0 pair of boots.
  4911 | D:7      | 4911 ||| Stepping ~*~*~tactically~*~*~ (hiding).
  4912 | D:7      | 4912 ||| Stepping ~*~*~tactically~*~*~ (hiding).
  4938 | D:7      | Reached * piety under Okawaru
  4977 | D:7      | Reached skill level 1 in Invocations
  4992 | D:7      | 4992 ||| Stepping ~*~*~tactically~*~*~ (stealth).
  5009 | D:7      | 5009 ||| Stepping ~*~*~tactically~*~*~ (hiding).
  5013 | D:7      | 5013 ||| INVOKING Heroism.
  5016 | D:7      | 5016 ||| Stepping ~*~*~tactically~*~*~ (hiding).
  5021 | D:7      | 5021 ||| Stepping ~*~*~tactically~*~*~ (stealth).
  5028 | D:7      | 5028 ||| INVOKING Heroism.
  5032 | D:7      | Reached skill level 3 in Invocations
  5159 | D:7      | 5159 ||| Stepping ~*~*~tactically~*~*~ (stealth).
  5160 | D:7      | 5160 ||| Stepping ~*~*~tactically~*~*~ (stealth).
  5165 | D:7      | 5165 ||| Stepping ~*~*~tactically~*~*~ (stealth).
  5190 | D:7      | 5190 ||| INVOKING Heroism.
  5345 | D:7      | 5345 ||| Stepping ~*~*~tactically~*~*~ (hiding).
  5517 | D:7      | 5517 ||| DRINKING 2 orange potions.
  5518 | D:7      | 5518 ||| DROPPING potion of degeneration.
  5527 | D:8      | Noticed Grum
  5528 | D:8      | 5528 ||| INVOKING Heroism.
  5535 | D:8      | Reached ** piety under Okawaru
  5549 | D:8      | 5549 ||| INVOKING Heroism.
  5554 | D:8      | Killed Grum
  5555 | D:8      | Reached skill level 10 in Axes
  5555 | D:8      | Reached XP level 10. HP: 56/63 MP: 10/13
  5614 | D:8      | Identified the +1 pair of boots of the Dice {rN++ Will+++
                  | rCorr Stlth-}
  5895 | D:8      | Noticed Maggie
  5896 | D:8      | 5896 ||| Stepping ~*~*~tactically~*~*~ (hiding).
  5909 | D:8      | Killed Maggie
  5980 | D:8      | 5980 ||| Stepping ~*~*~tactically~*~*~ (hiding).
  5985 | D:8      | 5985 ||| INVOKING Heroism.
  6250 | D:8      | 6250 ||| INVOKING Heroism.
  6301 | D:8      | 6301 ||| UPGRADING to +1 pair of boots of the Dice {rN++
                  | Will+++ rCorr Stlth-}.
  6311 | D:8      | 6311 ||| DROPPING +0 pair of boots.
  6312 | D:8      | 6312 ||| UPGRADING to +0 kite shield.
  6322 | D:8      | 6322 ||| DROPPING +0 buckler.
  6323 | D:8      | 6323 ||| DRINKING 3 viscous inky potions.
  6323 | D:8      | Gained mutation: Your magical capacity is low. (-10% MP)
                  | [potion of mutation]
  6323 | D:8      | Gained mutation: Your movements are slightly less
                  | encumbered by armour. (ER -2) [potion of mutation]
  6324 | D:8      | 6324 ||| READING 3 scrolls of identify.
  6324 | D:8      | 6324 ||| IDENTIFYING puce potion
  6325 | D:8      | 6325 ||| READING 2 scrolls of identify.
  6325 | D:8      | 6325 ||| IDENTIFYING glowing yellow potion
  6326 | D:8      | 6326 ||| DROPPING potion of brilliance.
  6327 | D:8      | 6327 ||| DROPPING potion of ambrosia.
  6411 | D:9      | Reached skill level 6 in Shields
  6433 | D:9      | Noticed a two-headed ogre
  6434 | D:9      | 6434 ||| Stepping ~*~*~tactically~*~*~ (stealth).
  6437 | D:9      | 6437 ||| INVOKING Heroism.
  6454 | D:9      | Killed a two-headed ogre
  6509 | D:9      | 6509 ||| Stepping ~*~*~tactically~*~*~ (stealth).
  6534 | D:9      | Reached *** piety under Okawaru
  6561 | D:9      | Reached skill level 9 in Shields
  6561 | D:9      | 6561 ||| FLEEEEING.
  6562 | D:9      | 6562 ||| FLEEEEING.
  6563 | D:9      | 6563 ||| FLEEEEING.
  6571 | D:9      | 6571 ||| STAIRDANCE
  6618 | D:9      | Found a staircase to the Lair.
  6621 | D:9      | 6621 ||| Stepping ~*~*~tactically~*~*~ (stealth).
  6634 | D:9      | Reached XP level 11. HP: 68/68 MP: 12/12
  6663 | D:9      | Found a shadowy altar of Dithmenos.
  6683 | D:9      | 6683 ||| INVOKING Heroism.
  6779 | D:9      | Identified the +2 buckler "Vistru" {Will+ Str+3}
  6827 | D:9      | Found an ancient bone altar of Kikubaaqudgha.
  6888 | D:9      | Noticed Erica
  6889 | D:9      | 6889 ||| Stepping ~*~*~tactically~*~*~ (hiding).
  6891 | D:9      | 6891 ||| Stepping ~*~*~tactically~*~*~ (hiding).
  6892 | D:9      | 6892 ||| Stepping ~*~*~tactically~*~*~ (hiding).
  6893 | D:9      | 6893 ||| Stepping ~*~*~tactically~*~*~ (hiding).
  6896 | D:9      | 6896 ||| INVOKING Heroism.
  6903 | D:9      | Killed Erica
  6904 | D:9      | Reached skill level 11 in Axes
  7089 | D:9      | 7089 ||| INVOKING Heroism.
  7149 | D:9      | Noticed Maurice
  7159 | D:9      | Killed Maurice
  7159 | D:9      | Reached **** piety under Okawaru
  7160 | D:9      | Reached skill level 6 in Armour
  7197 | D:9      | Found a snail-covered altar of Cheibriados.
  7392 | D:9      | Noticed Prince Ribbit
  7398 | D:9      | Killed Prince Ribbit
  7488 | D:9      | 7488 ||| PLANNING LAIR
  7488 | D:9      | 7488 ||| UPGRADING to +0 cloak.
  7493 | D:9      | 7493 ||| DRINKING 2 dark potions.
  7510 | Lair:1   | Entered Level 1 of the Lair of Beasts
  7531 | Lair:1   | 7531 ||| INVOKING Heroism.
  7568 | Lair:1   | 7568 ||| INVOKING Heroism.
  7591 | Lair:1   | 7591 ||| Stepping ~*~*~tactically~*~*~ (stealth).
  7592 | Lair:1   | 7592 ||| Stepping ~*~*~tactically~*~*~ (stealth).
  7593 | Lair:1   | 7593 ||| Stepping ~*~*~tactically~*~*~ (stealth).
  7597 | Lair:1   | 7597 ||| Stepping ~*~*~tactically~*~*~ (stealth).
  7610 | Lair:1   | 7610 ||| Stepping ~*~*~tactically~*~*~ (stealth).
  7721 | Lair:1   | 7721 ||| INVOKING Heroism.
  7837 | Lair:1   | 7837 ||| Stepping ~*~*~tactically~*~*~ (stealth).
  7862 | Lair:1   | 7862 ||| INVOKING Heroism.
  8118 | Lair:1   | You fall into a shaft and drop 1 floor!
  8127 | Lair:2   | Reached skill level 6 in Invocations
  8179 | Lair:1   | 8179 ||| INVOKING Heroism.
  8313 | Lair:1   | 8313 ||| READING scroll labelled TINUCZ QABEHE.
  8347 | Lair:1   | 8347 ||| DRINKING 3 grey potions.
  8369 | Lair:2   | 8369 ||| INVOKING Heroism.
  8375 | Lair:2   | Reached skill level 9 in Fighting
  8433 | Lair:2   | 8433 ||| Stepping ~*~*~tactically~*~*~ (stealth).
  8434 | Lair:2   | 8434 ||| Stepping ~*~*~tactically~*~*~ (stealth).
  8436 | Lair:2   | 8436 ||| Stepping ~*~*~tactically~*~*~ (stealth).
  8437 | Lair:2   | Noticed a death yak
  8438 | Lair:2   | 8438 ||| Stepping ~*~*~tactically~*~*~ (stealth).
  8441 | Lair:2   | Noticed a death yak
  8442 | Lair:2   | 8442 ||| INVOKING Heroism.
  8444 | Lair:2   | Noticed a death yak
  8459 | Lair:2   | Killed a death yak
  8474 | Lair:2   | HP: 12/71 [death yak (18)]
  8475 | Lair:2   | Reached XP level 12. HP: 13/76 MP: 15/15
  8475 | Lair:2   | 8475 ||| READING 4 scrolls of teleportation.
  8476 | Lair:2   | Slain by a death yak

Levels and vault maps discovered:
D:1:      roderic_crossed_star, layout_rooms, serial_shops,
          nicolae_shop_tiny_real_fake_doors
D:2:      layout_basic
D:3:      layout_basic, grunt_temple_overflow_open,
          chequers_ecumenical_altar_simple, uniq_robin
D:4:      layout_basic, nicolae_uskayaw_murder_on_the_dancefloor,
          kennysheep_dice, uniq_crazy_yiuf_cottage
D:5:      layout_gridville, minmay_temple_entry_arrows, minmay_misc_feat_plants,
          chequers_garden, guppyfry_early_lair_pool, uniq_pikel
D:6:      layout_basic, grunt_temple_overflow_holy_war, gammafunk_ghost_grave,
          uniq_edmund
D:7:      nicolae_cairo_tiling_very_big, layout_rooms,
          kennysheep_generic_room_11
D:8:      layout_rooms, patterned_corridor, uniq_maggie, uniq_grum
D:9:      layout_loops_ring, slow_altar_2, mainiacjoe_overflow_24_doors,
          kennysheep_little_box, hellmonk_lair_entry_icy, minmay_misc_feat_chi,
          uniq_erica, uniq_prince_ribbit1, uniq_maurice
Temple:   hellmonk_temple_of_storms
Lair:1:   layout_concentric_octagons, grunt_megastairs_1
Lair:2:   layout_layer_cave, dummy_spider_entry

Skill      XL: |  1  2  3  4  5  6  7  8  9 10 11 |
---------------+----------------------------------+-----
Axes           | 2 3 4 5 6 8 10 11 | 11.1
Fighting       | 4 6 7 8 9 |  9.1
Dodging        | 1 2 |  2.0
Armour         | 4 5 6 |  6.9
Throwing       | 1 |  1.5
Shields        | 4 9 10 | 10.0
Invocations    | 4 7 |  7.1

Action                     |  1- 3 |  4- 6 |  7- 9 | 10-12 || total
---------------------------+-------+-------+-------+-------++-------
  Melee: War axe           |    90 |   107 |   302 |   338 ||   837
  Throw: Boomerang         |       |     3 |    29 |    61 ||    93
         Javelin           |       |       |       |     6 ||     6
 Invoke: Heroism           |       |       |     5 |    13 ||    18
    Use: Scroll            |     4 |     7 |     5 |     4 ||    20
         Potion            |     1 |       |     2 |     3 ||     6
 Armour: Scale mail        |    38 |    56 |       |       ||    94
         Chain mail        |       |    23 |   159 |   146 ||   328
  Dodge: Dodged            |    39 |    70 |   167 |   178 ||   454
  Block: Buckler           |    17 |    22 |    62 |    10 ||   111
         Kite shield       |       |       |       |   135 ||   135

Table legend:
 A = Non-vault XP
 B = Vault XP
 C = Vault XP percentage of total XP
 D = Non-vault monster count
 E = Vault monster count
 F = Vault count percentage of total count
                 A         B        C        D         E       F
            +---------+---------+-------+---------+---------+-------
      Total |   12203 |    6210 |  33.7 |     204 |      41 |  16.7
            +---------+---------+-------+---------+---------+-------
        D:1 |      44 |       0 |   0.0 |      25 |       0 |   0.0
        D:2 |      71 |       0 |   0.0 |      18 |       0 |   0.0
        D:3 |     162 |      35 |  17.8 |      18 |      11 |  37.9
        D:4 |     545 |      13 |   2.3 |      26 |       1 |   3.7
        D:5 |     389 |     643 |  62.3 |      12 |       2 |  14.3
        D:6 |     593 |     164 |  21.7 |      13 |       1 |   7.1
        D:7 |    1507 |      83 |   5.2 |      34 |       1 |   2.9
        D:8 |    1139 |    1064 |  48.3 |      13 |       6 |  31.6
        D:9 |    2195 |    3221 |  59.5 |      20 |      15 |  42.9
     Lair:1 |    3004 |     987 |  24.7 |      16 |       4 |  20.0
     Lair:2 |    2554 |       0 |   0.0 |       9 |       0 |   0.0
            +---------+---------+-------+---------+---------+-------
